 Dungeon Crawl Stone Soup version 0.29.1-1-gd02db69 (webtiles) character file.

Game seed: 14674022381866015082

8257 Timinator the Martial Artist (level 10, -4/83 HPs)
             Began as a Demigod Transmuter on Jan 13, 2023.
             Slain by a shadow (6 damage)
             ... on level 11 of the Dungeon.
             The game lasted 00:34:14 (14032 turns).

Timinator the Martial Artist (Demigod Transmuter)  Turns: 14032, Time: 00:34:15

Health: -4/83      AC: 12    Str: 15    XL:     10   Next: 80%
Magic:  14/16      EV: 16    Int: 21    God:
Gold:   694        SH:  0    Dex: 22    Spells: 6/13 levels left

rFire   . . .      SeeInvis .     - Unarmed
rCold   . . .      Faith    .   (no shield)
rNeg    . . .      Spirit   .   i - +1 acid dragon scales
rPois   .          Reflect  .   (helmet currently unavailable)
rElec   .          Harm     .   B - +0 cloak
rCorr   +          Rampage  .   (no gloves)
Will    +....                   (boots currently unavailable)
Stlth   +.........              (no amulet)
HPRegen 0.23/turn               k - +4 ring of protection
MPRegen 0.15/turn               b - +6 ring of intelligence

@: lethally poisoned (-4 -> -6), appendages, wereblooded, slowed, very slow
A: horns 2, talons 2, high MP 1, forlorn, divine attributes
a: End Transformation


You were on level 11 of the Dungeon.
You had temporarily grown beastly horns and talons.
You visited 1 branch of the dungeon, and saw 11 of its levels.

You collected 694 gold pieces.

Inventory:

Missiles
 s - 8 poisoned darts (quivered)
 u - 10 javelins
 w - 7 throwing nets
Armour
 i - +1 acid dragon scales (worn)
 B - a +0 cloak (worn)
 C - a +2 hat (melded)
Jewellery
 b - a +6 ring of intelligence (right hand)
 c - the ring "Bibytsuo" {rElec rF++ Will- EV+4 Int+8}
   (You found it on level 7 of the Dungeon)

   [ring of evasion]

   EV:        It affects your evasion (+4).
   Int:       It affects your intelligence (+8).
   rF:        It greatly protects you from fire.
   rElec:     It insulates you from electricity.
   Will:      It decreases your willpower.
 k - a +4 ring of protection (left hand)
 q - a +6 ring of dexterity
Wands
 m - a wand of acid (8)
 G - a wand of roots (8)
Scrolls
 e - a scroll of amnesia {unknown}
 f - 3 scrolls of enchant armour
 j - a scroll of enchant weapon
 l - a scroll of fear {unknown}
 o - a scroll of brand weapon {unknown}
 p - 2 scrolls of noise {unknown}
 t - a scroll of poison {unknown}
 x - a scroll of blinking {unknown}
 y - a scroll of torment {unknown}
 A - a scroll of fog {unknown}
Potions
 a - a potion of mutation {unknown}
 d - 2 potions of cancellation
 g - 2 potions of flight
 n - 3 potions of attraction
 r - a potion of magic


   Skills:
 * Level 5.6 Fighting
 - Level 3.0 Armour
 * Level 6.3 Dodging
 + Level 10.3 Unarmed Combat
 - Level 2.0 Spellcasting
 + Level 7.8 Transmutations
 * Level 3.4 Ice Magic


You had 6 spell levels left.
You knew the following spells:

 Your Spells              Type           Power      Damage    Failure   Level
a - Beastly Appendage     Tmut           68%        N/A       1%          1
b - Wereblood             Tmut           34%        N/A       1%          2
c - Ice Form              Ice/Tmut       25%        N/A       21%         4

Your spell library contained the following spells:

 Spells                   Type           Power      Damage    Failure   Level
 Spider Form              Tmut/Pois      18%        N/A       12%         3
 Frozen Ramparts          Ice            32%        1d5       14%         3
 Necrotise                Necr           8%         1d4       21%         1
 Slow                     Hex            8%         N/A       21%         1
 Call Canine Familiar     Summ           2%         N/A       52%         3
 Confusing Touch          Hex            2%         N/A       52%         3
 Portal Projectile        Hex/Tloc       4%         N/A       52%         3
 Vampiric Draining        Necr           2%         2d6       52%         3
 Summon Ice Beast         Ice/Summ       9%         N/A       69%         4
 Leda's Liquefaction      Hex/Erth       1%         N/A       89%         4
 Agony                    Necr           2%         N/A       99%         5


Dungeon Overview and Level Annotations

Branches:
Dungeon (12/15)            Temple (0/1) D:5            Lair (0/5) D:9
    Orc (0/2) D:12

Annotations:
D:11 Erica, Fannar, Gastronok


Innate Abilities, Weirdness & Mutations

You have temporarily grown beastly horns and talons.
You have an increased reservoir of magic. (+10% MP)
You shall have no god before yourself.
Your divine heritage dramatically boosts your attributes as you level up.


Message History

The shadow flickers and vanishes!
Deactivating autopickup; reactivate with Ctrl-A.
Erica appears from thin air!
Reactivating autopickup.
The shadow strikes at you from the darkness!
The shadow misses you.
You feel much better. The shadow hits you. x2
Casting: Beastly Appendage (safe; 1% risk of failure)
Confirm with . or Enter, or press ? or * to list all spells.
You grow a pair of large bovine horns.
Your feet morph into talons.
Your +2 hat melds into your body.
The shadow slips into darkness.
The shadow flickers and vanishes!
Deactivating autopickup; reactivate with Ctrl-A.
Casting: Beastly Appendage (safe; 1% risk of failure)
Confirm with . or Enter, or press ? or * to list all spells.
Your blood is infused with primal strength.
Erica gestures at you while chanting.
The bolt of poison hits something.
The bolt of poison hits you!!
You are poisoned.
The shadow strikes at you from the darkness!
Reactivating autopickup.
The shadow closely misses you.
Okay, then.
The shadow attacks as you move away! The shadow barely misses you.
You feel very sick.
The shadow slips into darkness.
The shadow flickers and vanishes!
Deactivating autopickup; reactivate with Ctrl-A.
You feel very sick.
You feel very sick.
The shadow strikes at you from the darkness!
* * * LOW HITPOINT WARNING * * *
Reactivating autopickup.
You feel sick. The shadow hits you!
* * * LOW HITPOINT WARNING * * *
You open the door.
* * * LOW HITPOINT WARNING * * *
You feel sick. The shadow hits you.
You die...

#......## ##.......## ##.#.#
###.#...####.........####....#
...........'.........'.......#
###.#...####.........####....#
........# ##.......## ##.#.#
.##.####.# ##.....## ##..# #.#
.# ##...## ####.## #.. .#
##'## #....# ##. .#
#@#######.##.# .
#.W@......#### #~≈~~~≈~~~#
#≈≈≈≈≈≈≈≈≈# #8≈≈≈≈≈≈≈8#
#####+#####


You could see Erica and a shadow.

Vanquished Creatures
  A hydra (D:12)
  A two-headed ogre (D:8)
  A death yak (D:8)
  Maurice (D:8)
  The ghost of Jethros the Trooper, an amateur MiBe of Trog (D:3)
  A troll (D:12)
  A hornet (D:8)
  A slime creature (D:11)
  9 yaks
  A steam dragon (D:8)
  An acid dragon (D:7)
  Duvessa (D:7)
  An orc warrior (D:8)
  A black bear (D:7)
  2 ice beasts
  3 wolves
  An ogre (D:7)
  2 centaurs
  2 phantoms (D:4)
  4 gnoll sergeants
  5 bullfrogs
  2 scorpions
  2 necrophages
  Dowan (D:7)
  7 wights
  4 howler monkeys
  3 jellies
  8 orc priests
  3 gnoll boudas (D:5)
  9 hounds
  2 iguanas
  7 orc wizards
  28 gnolls
  10 adders
  3 shadow imps
  An ufetubus (D:7)
  2 worms
  3 dart slugs
  28 orcs
  11 ball pythons
  4 bats
  3 endoplasms
  2 giant cockroaches (D:3)
  4 goblins
  5 hobgoblins
  12 jackals
  3 quokkas
  3 frilled lizards
  10 kobolds
  6 rats
227 creatures vanquished.

Vanquished Creatures (others)
  An orc wizard (D:6)
1 creature vanquished.

Grand Total: 228 creatures vanquished

Notes
Turn   | Place    | Note
-------+----------+-------------------------------------------
     0 | D:1      | Timinator the Demigod Transmuter began the quest for the
                  | Orb.
     0 | D:1      | Reached XP level 1. HP: 15/15 MP: 5/5
   177 | D:1      | Reached skill level 1 in Fighting
   602 | D:1      | Reached skill level 3 in Unarmed Combat
   602 | D:1      | Reached XP level 2. HP: 23/23 MP: 7/7
   605 | D:1      | Learned a level 2 spell: Wereblood
  1402 | D:1      | Reached XP level 3. HP: 23/28 MP: 6/8
  2710 | D:3      | Reached skill level 1 in Armour
  2926 | D:3      | Reached XP level 4. HP: 35/35 MP: 7/9
  3783 | D:3      | Reached XP level 5. HP: 39/41 MP: 8/10
  3838 | D:3      | Found a runed translucent door.
  3842 | D:3      | Noticed Jethros's ghost (amateur MiBe)
  3870 | D:3      | Killed Jethros's ghost
  3871 | D:3      | Reached skill level 4 in Unarmed Combat
  3871 | D:3      | Reached XP level 6. HP: 27/50 MP: 11/11
  5257 | D:5      | Entered Level 5 of the Dungeon
  5285 | D:5      | Reached XP level 7. HP: 56/56 MP: 9/13
  5295 | D:5      | Learned a level 4 spell: Ice Form
  5334 | D:5      | Reached skill level 5 in Unarmed Combat
  6094 | D:5      | Found a staircase to the Ecumenical Temple.
  6139 | D:5      | Reached skill level 6 in Unarmed Combat
  6370 | D:5      | Reached XP level 8. HP: 58/63 MP: 12/14
  7412 | D:5      | Reached skill level 7 in Unarmed Combat
  7419 | D:5      | Reached skill level 5 in Transmutations
  8187 | D:7      | Noticed Duvessa
  8190 | D:7      | Noticed Dowan
  8689 | D:7      | Killed Duvessa
  8690 | D:7      | Reached XP level 9. HP: 71/71 MP: 12/15
  8694 | D:7      | Killed Dowan
  8782 | D:7      | Identified the ring "Bibytsuo" {rElec rF++ Will- EV+4
                  | Int+8}
  8793 | D:7      | Reached skill level 8 in Unarmed Combat
  9633 | D:7      | Reached skill level 5 in Dodging
 10055 | D:8      | Reached skill level 9 in Unarmed Combat
 10491 | D:8      | Reached skill level 1 in Ice Magic
 10559 | D:8      | Noticed Maurice
 10976 | D:8      | Killed Maurice
 10977 | D:8      | Reached XP level 10. HP: 20/80 MP: 14/16
 11543 | D:8      | Reached skill level 5 in Fighting
 12397 | D:9      | Noticed a two-headed ogre
 12397 | D:9      | Noticed a two-headed ogre
 12397 | D:9      | Noticed a death yak
 12401 | D:9      | Noticed a death yak
 12415 | D:9      | Noticed a death yak
 12427 | D:8      | Killed a two-headed ogre
 12428 | D:8      | Reached skill level 10 in Unarmed Combat
 12628 | D:9      | Noticed a death yak
 12628 | D:9      | Noticed a death yak
 12645 | D:8      | Killed a death yak
 13169 | D:9      | Noticed a death yak
 13209 | D:9      | Found a staircase to the Lair.
 13211 | D:9      | You fall into a shaft and drop 3 floors!
 13211 | D:12     | Found a staircase to the Orcish Mines.
 13349 | D:12     | Noticed an eight-headed hydra
 13361 | D:12     | Killed an eight-headed hydra
 13922 | D:11     | Noticed Fannar
 13969 | D:11     | Noticed Gastronok
 13986 | D:11     | Noticed Erica
 14031 | D:11     | HP: 3/83 [shadow (10)]
 14032 | D:11     | Slain by a shadow

Illustrated notes

Levels and vault maps discovered:
D:1:      lightli_arrival_boilingwater, layout_basic
D:2:      layout_basic, basic_altar
D:3:      layout_loops_corners, grunt_temple_overflow_open,
          gammafunk_ghost_grave
D:4:      layout_basic
D:5:      layout_cave_pools, minmay_temple_entry_grid, serial_gnoll_camp,
          gnoll_camp_mini_hut, gnoll_camp_huts_moat, gnoll_camp_mini_doghouse,
          gnoll_camp_mini_basic
D:6:      layout_basic, skrybe_limestone_x
D:7:      minmay_the_grid_square_5x5_3x3
          [minmay_the_grid_square_5x5_three_small,
          minmay_the_grid_square_5x5_lines, minmay_the_grid_square_5x5_comb,
          minmay_the_grid_square_5x5_three_walls,
          minmay_the_grid_square_5x5_megaprize_hollow,
          minmay_the_grid_square_5x5_gyroscope,
          minmay_the_grid_square_5x5_hourglass,
          minmay_the_grid_square_5x5_one_wall,
          minmay_the_grid_square_5x5_shrine1], layout_loops_cross,
          minmay_misc_feat_tiny, uniq_duvessa
D:8:      layout_rooms, uniq_maurice
D:9:      layout_big_octagon, dpeg_lair_monsters
D:11:     layout_loops_corners, evilmike_minifort, uniq_sonja, uniq_fannar,
          uniq_erica, uniq_gastronok
D:12:     minmay_expanding_squares, layout_basic, orc_0_dummy, grunt_ogre_cave,
          david_defended_altar_orc

Skill      XL: |  1  2  3  4  5  6  7  8  9 10 |
---------------+-------------------------------+-----
Fighting       | 1 2 3 4 5 |  5.6
Unarmed Combat | 3 4 6 7 9 10 | 10.3
Spellcasting   | 2 |  2.0
Transmutations | 2 3 4 5 7 |  7.8
Dodging        | 2 3 4 5 6 |  6.3
Armour         | 1 2 3 |  3.0
Ice Magic      | 1 3 |  3.4

Action                   |  1- 3 |  4- 6 |  7- 9 | 10-12 || total
-------------------------+-------+-------+-------+-------++-------
Melee: Unarmed           |   145 |   170 |   427 |   114 ||   856
       Kick              |    21 |    35 |   134 |    38 ||   228
       Headbutt          |    15 |    24 |    81 |    22 ||   142
       Punch             |     2 |     1 |    20 |    13 ||    36
Throw: Javelin           |       |     2 |     6 |       ||     8
       Boomerang         |       |       |     6 |       ||     6
       Dart              |       |       |     8 |     3 ||    11
       Throwing net      |       |       |     5 |       ||     5
 Cast: Beastly Appendage |    31 |    19 |    60 |    15 ||   125
       Wereblood         |     1 |     5 |    29 |     9 ||    44
       Ice Form          |       |       |       |     1 ||     1
Evoke: Wand              |       |       |     1 |       ||     1
  Use: Potion            |       |     1 |     5 |     7 ||    13
       Scroll            |       |       |     6 |     7 ||    13
 Stab: Invisible         |       |       |     1 |       ||     1
Armor: Robe              |    15 |       |       |       ||    15
       Ring mail         |     8 |    48 |   134 |       ||   190
       Skin              |       |     4 |    11 |    25 ||    40
       Acid dragon scale |       |       |    42 |    32 ||    74
Dodge: Dodged            |    83 |    73 |   303 |   103 ||   562
